 Dungeon Crawl Stone Soup version 0.19-a0-854-gc78d25d (webtiles) character file.

52 Implojin the Ruffian (level 3, -1/36 HPs)
             Began as a Troll Fighter on July 2, 2016.
             Slain by Implojin's ghost (18 damage)
             ... on level 4 of the Dungeon.
             The game lasted 00:01:46 (293 turns).

Implojin the Ruffian (Troll Fighter)                 Turns: 293, Time: 00:01:47

Health: -1/36      AC:  5    Str: 29    XL:     3   Next: 60%
Magic:  2/2        EV:  8    Int:  4    God:
Gold:   0          SH:  9    Dex: 10    Spells: 0 memorised, 2 levels left

rFire  . . .     SeeInvis .       - Unarmed
rCold  . . .     Gourm    +     a - +0 robe
rNeg   . . .     Faith    .     b - +0 shield
rPois  .         Spirit   .     (helmet restricted)
rElec  .         Dismiss  .     (no cloak)
rCorr  .         Reflect  .     (gloves unavailable)
SustAt .         Harm     .     (boots unavailable)
MR     .....                    (no amulet)
Stlth  +.........               (no ring)
                                (no ring)

@: mighty, not resistant to hostile enchantments, very unstealthy
A: unfitting armour, claws 3, fast metabolism 3, gourmand, regeneration 2,
shaggy fur 1, tough skin 2
a: no special abilities


You were on level 4 of the Dungeon.
You were not hungry.

You visited 1 branch of the dungeon, and saw 5 of its levels.

Inventory:

Missiles
 l - 2 javelins (quivered)
Armour
 a - a +0 robe (worn)
 b - a +0 shield (worn)
Scrolls
 e - 2 scrolls of enchant weapon {unknown}
 j - a scroll of teleportation {unknown}
 k - a scroll of magic mapping {unknown}
Potions
 f - a potion of berserk rage {unknown}
 g - 3 potions of heal wounds {unknown}
 i - a potion of agility {unknown}
 m - a potion of curing {unknown}
Comestibles
 d - 2 bread rations
 h - a royal jelly


   Skills:
 - Level 2.4 Fighting
 - Level 2.4 Dodging
 - Level 2.4 Shields
 * Level 4.0 Unarmed Combat


You had 2 spell levels left.
You didn't know any spells.

Dungeon Overview and Level Annotations

Branches:
Dungeon (5/15)
 Temple: D:4-7

Altars:
Uskayaw

Annotations:
D:4 Implojin's ghost, amateur MiFi


Innate Abilities, Weirdness & Mutations

You are too large for most types of armour.
You have claws for hands.
Your metabolism is lightning-fast.
You like to eat raw meat.
You heal very quickly.
You are covered in fur. (AC +1)
You have very tough skin. (AC +2)


Message History

You feel sick.
k - a scroll labeled GUPODO VUAPH You feel sick.
You feel sick.
You feel sick.
You are no longer poisoned.
A ball python comes into view.
The ball python hisses angrily.
There is a stone staircase leading down here.
You climb downwards.
There is a stone staircase leading up here.
Unknown command.
Found 2 javelins and 14 gold pieces.
Found a quarterstaff.
Found a stone staircase leading up.
Found an amethyst potion.
You see here 2 javelins.
l - 2 javelins You see here 14 gold pieces.
m - an amethyst potion
There is a stone staircase leading up here.
You climb upwards.
The orc shouts!
Implojin's ghost turns its malevolent gaze towards you.
Found a bread ration and 18 bolts.
There is a stone staircase leading down here.
You feel very mighty all of a sudden.
Found a stone staircase leading up.
You claw Implojin's ghost!
Implojin's ghost is moderately damaged.
Implojin's ghost hits you.
You mangle Implojin's ghost!!
Implojin's ghost is heavily damaged.
Implojin's ghost hits you!
* * * LOW HITPOINT WARNING * * *
You barely miss Implojin's ghost.
Implojin's ghost is heavily damaged.
Implojin's ghost hits you!!
Ouch! That really hurt!
You die...

#.# ..# ##.#
..# ..# #.#
#.# #@#
####W###
##...o.>#
#.......#
#.......#
....%.......
##........###
#........#
#...(....#


You could see Implojin's ghost and an orc.

Vanquished Creatures
  3 adders
  A worm (D:2)
  A dart slug (D:2)
  A giant gecko (D:2)
  A bat (D:2)
  A goblin (D:3)
  5 jackals (D:2)
  A giant newt (D:1)
  3 kobolds (D:2)
  3 rats
20 creatures vanquished.

Notes
Turn   | Place    | Note
-------+----------+-------------------------------------------
     0 | D:1      | Implojin the Troll Fighter began the quest for the Orb.
     0 | D:1      | Reached XP level 1. HP: 22/22 MP: 0/0
   110 | D:2      | Reached XP level 2. HP: 28/29 MP: 1/1
   112 | D:2      | Reached skill level 3 in Unarmed Combat
   120 | D:2      | Found a hide-covered altar of Uskayaw.
   131 | D:2      | Reached XP level 3. HP: 17/36 MP: 2/2
   230 | D:4      | Reached skill level 4 in Unarmed Combat
   265 | D:5      | Entered Level 5 of the Dungeon
   285 | D:4      | Noticed Implojin's ghost (amateur MiFi)
   293 | D:4      | Slain by Implojin's ghost

Vault maps used:
D:1:      nicolae_arrival_washed_ashore, minmay_cupped
D:2:      eat_drink_and_be_merry_uskayaw
D:3:      first_bread, kennysheep_generic_room_2, uniq_crazy_yiuf_cottage
D:4:      grunt_temple_overflow_order_and_chaos_2, serial_shops, shop
D:5:      black_bear_nest_1, marbit_many_paths, serial_shops, shop, basic_altar,
          uniq_pikel

Skill      XL: |  1  2  3 |
---------------+----------+-----
Unarmed Combat | 3 4 |  4.0
Fighting       | |  2.4
Dodging        | |  2.4
Shields        | |  2.4

Action                   || total
-------------------------++-------
Melee: Unarmed           ||    59
  Use: Potion            ||     1
Armor: Robe              ||    45
Dodge: Dodged            ||    38
Block: Shield            ||    44

Table legend:
 A = Turns spent in this place as a percentage of turns spent in the entire game.
 B = Non-inter-level travel turns spent in this place as a percentage of non-inter-level travel turns spent in the entire game.
 C = Inter-level travel turns spent in this place as a percentage of turns spent in this place.
 D = Turns resting spent in this place as a percentage of non-inter-level travel turns spent in this place.
 E = Turns spent auto-exploring this place as a percentage of non-inter-level travel turns spent in this place.
 F = Non-inter-level travel turns spent in this place divided by the number of levels of this place that you've seen.
                   A       B       C       D       E      F
               +-------+-------+-------+-------+-------+----------------------
         Total | 100.0 | 100.0 |   0.0 |   0.0 |   0.0 |  65.6
       Dungeon | 100.0 | 100.0 |   0.0 |   0.0 |   0.0 |  65.6
               +-------+-------+-------+-------+-------+----------------------

Table legend:
 A = Kills in this place as a percentage of kills in entire the game.
 B = Kills by you in this place as a percentage of kills by you in the entire game.
 C = Kills by friends in this place as a percentage of kills by friends in the entire game.
 D = Other kills in this place as a percentage of other kills in the entire game.
 E = Experience gained in this place as a percentage of experience gained in the entire game.
 F = Experience gained in this place divided by the number of levels of this place that you have seen.
                   A       B       C       D       E      F
               +-------+-------+-------+-------+-------+----------------------
         Total | 100.0 | 100.0 |  -nan |  -nan | 100.0 |  15.0
       Dungeon | 100.0 | 100.0 |  -nan |  -nan | 100.0 |  15.0
               +-------+-------+-------+-------+-------+----------------------
